Map: Dusk Towers

Players

State

  • Race: Protoss Protoss
  • League: Grandmaster

llllllllllll - Winner!

  • Race: Zerg Zerg
  • League: Grandmaster

VOD

Have the link to the VOD?

Description

Time

  • Played on: Nov. 24, 2015, 11:01 p.m.
  • Length: 4:28
Show
View Real Time Build Order
Export as new Build Order

State Protoss 

Build Orders: Nexus First 

Get SALT Encoding   

  12  0:01  Probe (Chrono Boost)  
  13  0:11  Probe (Chrono Boost)  
  14  0:17  Pylon  
  14  0:22  Probe (Chrono Boost)  
  15  0:36  Probe (Chrono Boost)  
  16  0:46  Probe (Chrono Boost)  
  17  0:59  Nexus  
  18  1:05  Probe (Chrono Boost)  
  18  1:12  Gateway  
  18  1:16  Probe (Chrono Boost)  
  19  1:21  Assimilator  
  19  1:26  Assimilator  
  19  1:29  Probe (Chrono Boost)  
  20  1:39  Probe (Chrono Boost)  
  21  1:50  Probe (Chrono Boost)  
  22  1:59  Cybernetics Core  
  22  2:00  Probe (Chrono Boost)  
  23  2:04  Pylon  
  23  2:11  Probe (Chrono Boost)  
  23  2:12  Probe (Chrono Boost)  
  25  2:21  Probe (Chrono Boost)  
  26  2:24  Probe (Chrono Boost)  
  27  2:32  Probe (Chrono Boost), Warp Gate  
  27  2:35  Probe (Chrono Boost)  
  31  2:40  Adept  
  31  2:42  Probe (Chrono Boost)  
  32  2:45  Probe (Chrono Boost)  
  33  2:53  Probe (Chrono Boost)  
  33  2:56  Probe (Chrono Boost), Forge  
  33  2:57  Twilight Council  
  35  3:05  Mothership Core (Chrono Boost)  
  37  3:06  Probe (Chrono Boost)  
  37  3:07  Stalker  
  40  3:15  Pylon  
  40  3:17  Probe (Chrono Boost)  
  41  3:22  Assimilator x2  
  41  3:23  Probe (Chrono Boost)  
  42  3:27  Probe (Chrono Boost)  
  42  3:33  Probe (Chrono Boost)  
  44  3:36  Probe (Chrono Boost)  
  45  3:43  Pylon  
  45  3:45  Probe  
  45  3:47  Probe  
  47  3:57  Probe, Gateway x2  
  47  3:58  Probe, Pylon  
  47  4:02  Sentry (Chrono Boost)  
  47  4:10  Pylon  
  47  4:13  Probe x2  
Show
View Real Time Build Order
Export as new Build Order

llllllllllll Zerg - Winner!

Build Orders: Hatch First 

Get SALT Encoding   

  12  0:00  Drone  
  13  0:12  Overlord  
  13  0:17  Drone  
  14  0:30  Drone x2  
  14  0:35  Drone  
  17  0:52  Hatchery  
  17  0:54  Drone  
  17  0:57  Drone  
  18  1:07  Drone  
  19  1:13  Extractor  
  19  1:18  Drone  
  19  1:20  Spawning Pool  
  18  1:28  Drone  
  19  1:39  Overlord  
  19  1:52  Drone  
  20  2:05  Drone x2  
  20  2:07  Queen x2  
  26  2:13  Drone  
  28  2:15  Drone  
  28  2:19  Metabolic Boost  
  28  2:29  Hatchery  
  27  2:36  Evolution Chamber  
  26  2:38  Zergling x4  
  26  2:40  Zergling x2  
  26  2:42  Zergling x2  
  30  2:47  Overlord  
  30  2:52  Zergling x2  
  30  2:55  Zergling x2  
  32  2:59  Zergling x2  
  33  3:05  Zergling x2  
  33  3:09  Zergling x2  
  35  3:15  Zergling x2  
  35  3:16  Zergling x8  
  35  3:17  Zergling x2  
  41  3:25  Zergling x2  
  41  3:26  Overlord  
  42  3:33  Zergling x4  
  44  3:42  Zergling x4  
  46  3:49  Zergling x10  
  46  3:50  Zergling x2  
  52  3:57  Zergling x2  
  52  3:58  Zergling x2  
  53  4:09  Zergling x10  
Tags
 
Add a new tag
Caveats
  • Supply blocks, unpowered buildings, or Contaminate may cause inaccurate times.
  • Supply counts are checked every 10 seconds.